woodfighter, chaotic female orcish Cavewoman -------- `##########.......| -------- # |......| |......| ### #..<....| |......| # ###|......| |>......### ### # ---|---- |......| # # ### ###### |......| ### ### # # ----.--- # `#%## ### ## ---- # ####------------ # ----.---- @@.[[| ### ##|...........## |.......| ### [[| # ##+...*......| |.......| # | # #|..........| |.......| ### # ###|..>.......| |.......| # # # |..........| |........### -------|----### |..........| --------- |...........# ------------ |..........| ------------ woodfighter the Cave Girl Experience level: 2 Strength: 18/06 Dexterity: 13 Constitution: 16 Intelligence: 9 Wisdom: 7 Charisma: 6 Health: 0(25) Energy: 4(4) Def: 2 Gold: 0 Moves: 793 Dungeon seed: suW0ubwOv2keQRyL Game ID: woodfighter_1475164179 Your Inventory: Weapons a - a +1 club (weapon in hand) b - a +2 sling (alternate weapon; not wielded) Armor q - an uncursed +0 leather armor (being worn) Comestibles c - an uncursed tripe ration d - 4 uncursed food rations g - an uncursed pancake o - an uncursed lichen corpse Scrolls i - an uncursed scroll of enchant armor l - a blessed scroll of remove curse m - an uncursed scroll of scare monster Potions j - an uncursed potion of blindness p - an uncursed potion of gain ability Rings f - an uncursed ring of levitation Wands h - a wand of locking (0:5) k - a wand of undead turning (0:5) n - a wand of opening (0:5) Gems e - 6 uncursed flints (in quiver) Spells and supernatural/magical abilities: Name Level Category Fail Memory W - pray for help -- divine ? -- Your skills at the end: Miscellaneous Skills bare handed combat [Basic] Weapon Skills scimitar [Basic] club [Basic] sling [Basic] Spellcasting Skills Final Attributes: You were piously aligned. You were poison resistant. You had infravision. You were very stealthy. You are dead. Vanquished creatures: 3 jackals a fox a kobold 4 newts 3 lichens a kobold zombie 13 creatures vanquished. Voluntary challenges: You did not adorn yourself with jewelry or accessories. You did not cause conflict. You were not invisible. You did not have reflection. You were not displaced. You were an atheist. You used a wielded weapon 13 times, starting on turn 39. You did not use tools. You did not use plumbed fixtures. You did not drink any magical draughts. You were illiterate. You never genocided any monsters. You never polymorphed an object. You never changed form. You used no wishes. You never split a pudding. You never wrote Elbereth's name. You never violated your personal moral code. Dungeon overview: The Dungeons of Doom: levels 1 to 3 Level 1 (water) a long staircase Level 2 <- You were here an armor shop stairs to The Gnomish Mines Level 3 The Gnomish Mines: Level 3 stairs to The Dungeons of Doom History has recorded: On T:1 you entered the Dungeons of Doom to retrieve the Amulet of Yendor! On T:564 you reached level 2 of The Dungeons of Doom. On T:603 you reached level 1 of The Gnomish Mines. On T:680 you reached level 3 of The Dungeons of Doom. On T:682 you advanced to experience level 2. Score breakdown: Gold: 0 ( 0 points) Experience: 2 levels ( 100 points) Exploration: 3 levels ( 60 points) Discoveries: 10 items ( 500 points) Variety of kills: 6 monsters ( 300 points) Major goal: (nothing yet) ( 0 points) Survival: died (score multiplied by 3) Total score: 2880 Latest messages: You stop exploring. This door is locked. You have nothing to unlock that with. This door is locked. WHAMMM!!! WHAMMM!!! As you kick the door, it crashes open! "How dare you break my door?" Pervari zaps a curved wand! The wand hits you! You hear the wailing of the Banshee... Never mind. You can only throw one item at a time. Never mind. Pervari is after your hide, not your money! Besides, you don't have enough to interest her. Pervari zaps a wand of striking! The wand hits you! You die... Pervari takes all your possessions. Final status: Goodbye woodfighter the Cavewoman, killed by a force bolt... You died in The Dungeons of Doom on dungeon level 2 with 2880 points, and 0 pieces of gold, after 793 moves. You were level 2 with a maximum of 25 hit points when you died.